 Dungeon Crawl Stone Soup version 0.22-b1-21-g5cfc168 (webtiles) character file.

308 Gorglomux the Skirmisher (level 6, 0/40 HPs)
             Began as a Deep Elf Fire Elementalist on Aug 2, 2018.
             Succumbed to Sigmund's poison
             ... on level 3 of the Dungeon.
             The game lasted 00:03:58 (2501 turns).

Gorglomux the Skirmisher (DEFE)                     Turns: 2501, Time: 00:03:59

Health: 0/40       AC:  5    Str:  6    XL:     6   Next: 17%
Magic:  12/12      EV: 13    Int: 21    God:
Gold:   85         SH:  0    Dex: 15    Spells: 5/11 levels left

rFire    . . .     SeeInvis .   T - +0 war axe
rCold    . . .     Gourm    .   (no shield)
rNeg     + . .     Faith    .   a - +0 robe
rPois    .         Spirit   .   (no helmet)
rElec    .         Reflect  .   (no cloak)
rCorr    .         Harm     .   j - +2 pair of gloves
MR       .....                  (no boots)
Stlth    ++........             (no amulet)
HPRegen  0.13/turn              m - ring of positive energy
MPRegen  0.13/turn              (no ring)

@: lethally poisoned (0 -> -11)
A: no striking features
a: no special abilities


You were on level 3 of the Dungeon.
You were not hungry.

You visited 1 branch of the dungeon, and saw 3 of its levels.

You collected 85 gold pieces.

Inventory:

Hand Weapons
 h - a +0 hand axe
 T - a +0 war axe (weapon)
Armour
 a - a +0 robe (worn)
 j - a +2 pair of gloves (worn)
 U - a +0 helmet
Jewellery
 m - a ring of positive energy (left hand)
Wands
 D - a wand of digging (13)
Scrolls
 e - a scroll of enchant armour {unknown}
 g - 2 scrolls of identify {unknown}
 l - 3 scrolls of fog {unknown}
 V - a scroll of remove curse {unknown}
Comestibles
 c - 3 rations


   Skills:
 + Level 4.8 Fighting
 - Level 2.4 Dodging
 - Level 3.0 Stealth
 - Level 3.0 Spellcasting
 - Level 1.1 Conjurations
 - Level 3.6 Fire Magic


You had 5 spell levels left.
You knew the following spells:

 Your Spells              Type           Power        Failure   Level  Hunger
a - Flame Tongue          Conj/Fire      ##...        4%          1    None
b - Throw Flame           Conj/Fire      ##....       8%          2    ##.....
j - Conjure Flame         Conj/Fire      ##......     16%         3    ###....

Your spell library contained the following spells:

 Spells                   Type           Power        Failure   Level  Hunger
 Fireball                 Conj/Fire      ##........   80%         5    ######.
 Sticky Flame             Conj/Fire      ##......     45%         4    ####...
 Inner Flame              Hex/Fire       ##......     19%         3    ###....


Dungeon Overview and Level Annotations

Branches:
Dungeon (3/15)

Altars:


Message History

You have reached level 6!!!
Your experience leads to an increase in butt's attributes!!!
Increase (S)butt, (I)ntelligence, or (Butt)exterity?
You feel butt!
You feel a bit more experienced! * * * don't die
* * * You feel sick!
Unknown command!
Unknown command!
You butt at nothing!
You feel butts wooden!
Your +2 pair of gloves unmelds from your body!
Your +0 robe unmelds from your body! * * * don't die
* * * You feel sick!
You swing at nothing! * * * don't butt
* * * You feel sick!
You swing at nothing! rip

##. ##.######## #..).))(..#
#..#######.# #.#.#######)######
#####.##..............##########
.g.†g(g.....####.###..#........#
#..(..K..#)##.##.#
#..#.######.##
#.########.#...#@###..#)# #.#.
#.# #.....)#)##..#÷# #.#. #.#
#.......#......# #.#. #.#
#......#.##..### #.#> #.#
......#.###..# #... .@# #.##.##.
#..# #### # ## # #..# #..# ....


There were no monsters in sight!

Vanquished Creatures
  Sigmund (D:3)
  An orc wizard (D:3)
  Terence (D:3)
  Robin (D:3)
  An adder (D:2)
  A worm (D:2)
  2 leopard geckos (D:1)
  4 orcs (D:3)
  2 giant cockroaches (D:1)
  18 goblins
  7 hobgoblins
  2 jackals (D:1)
  2 quokkas
  2 ball pythons
  7 bats
  2 frilled lizards
  7 kobolds
  5 rats
66 creatures vanquished.

Notes
Turn   | Place    | Note
-------+----------+-------------------------------------------
     0 | D:1      | Gorglomux the Deep Elf Fire Elementalist began the quest for the Orb.
     0 | D:1      | Reached XP level 1. HP: 10/10 MP: 6/6
   316 | D:1      | Reached skill level 3 in Stealth
   316 | D:1      | Reached XP level 2. HP: 14/15 MP: 5/8
   537 | D:1      | Reached skill level 1 in Fighting
  1047 | D:2      | Reached XP level 3. HP: 19/20 MP: 7/9
  1160 | D:2      | Learned a level 2 spell: Throw Flame
  1165 | D:2      | Learned a level 3 spell: Conjure Flame
  1166 | D:2      | Reached skill level 2 in Fighting
  1917 | D:3      | Noticed Terence
  2004 | D:3      | Killed Terence
  2004 | D:3      | Reached XP level 4. HP: 27/27 MP: 1/10
  2208 | D:3      | Reached skill level 3 in Fighting
  2305 | D:3      | Noticed Sigmund
  2386 | D:3      | Noticed Robin
  2408 | D:3      | Killed Robin
  2408 | D:3      | Reached XP level 5. HP: 30/32 MP: 0/11
  2498 | D:3      | Killed Sigmund
  2498 | D:3      | Reached skill level 4 in Fighting
  2498 | D:3      | Reached XP level 6. HP: 8/40 MP: 12/12
  2500 | D:3      | HP: 1/40 [poisoned by Sigmund]
  2501 | D:3      | Succumbed to Sigmund's poison

Skill      XL: |  1  2  3  4  5 |
---------------+----------------+-----
Stealth        | 3 |  3.0
Fighting       | 1 2 3 4 |  4.8
Dodging        | |  2.4
Spellcasting   | |  3.0
Conjurations   | |  1.1
Fire Magic     | |  3.6

Action                   |  1- 3 |  4- 6 || total
-------------------------+-------+-------++-------
Melee: Unarmed           |     2 |       ||     2
       Hand axe          |    46 |     2 ||    48
       War axe           |       |    48 ||    48
 Cast: Flame Tongue      |    51 |    23 ||    74
       Throw Flame       |    17 |     2 ||    19
       Conjure Flame     |     1 |       ||     1
  Use: Potion            |     2 |     2 ||     4
 Stab: Sleeping          |     3 |       ||     3
  Eat: Chunk             |     4 |     2 ||     6
Armor: Robe              |    20 |    19 ||    39
       Skin              |       |     8 ||     8
Dodge: Dodged            |    57 |    32 ||    89
